 Dungeon Crawl Stone Soup version 0.19-a0-1225-gf887c1c (webtiles) character file.

657 PurpleRed the Conjurer (level 7, -6/36 HPs)
             Began as a Deep Elf Conjurer on Aug 25, 2016.
             Was an Initiate of Vehumet.
             Mangled by a warg (12 damage)
             ... on level 8 of the Dungeon.
             The game lasted 00:15:53 (1385 turns).

PurpleRed the Conjurer (Deep Elf Conjurer)          Turns: 1385, Time: 00:15:54

Health: -6/36      AC:  7    Str:  5    XL:     7   Next: 29%
Magic:  1/18       EV: 13    Int: 22    God:    Vehumet [......]
Gold:   187        SH:  0    Dex: 15    Spells: 4 memorised, 6 levels left

rFire  . . .     SeeInvis .     i - +0 whip
rCold  . . .     Gourm    .     a - +0 robe
rNeg   . . .     Faith    .     (no shield)
rPois  .         Spirit   .     (no helmet)
rElec  .         Dismiss  .     j - +2 cloak
rCorr  .         Reflect  .     (no gloves)
MR     .....     Harm     .     d - +1 pair of boots
Stlth  +++.......               (no amulet)
                                (no ring)
                                h - ring of stealth

@: no status effects
A: no striking features
a: Renounce Religion


You were on level 8 of the Dungeon.
You worshipped Vehumet.
Vehumet was noncommittal.
You were near starving.

You visited 2 branches of the dungeon, and saw 9 of its levels.

You collected 187 gold pieces.

Inventory:

Hand Weapons
 i - a +0 whip (weapon)
 o - a +3 hand axe of freezing
 y - a +0 flail
Missiles
 n - a throwing net (quivered)
Armour
 a - a +0 robe (worn)
 d - a +1 pair of boots (worn)
 j - a +2 cloak (worn)
Jewellery
 h - a ring of stealth (left hand)
Wands
 e - a wand of lightning (15/15)
 k - a wand of flame (28/48)
 t - a wand of digging (13/24)
 v - a wand of random effects (23/48)
Scrolls
 g - 3 scrolls of teleportation
 l - a scroll of remove curse
Potions
 m - a potion of curing {unknown}
 w - a potion of lignification
 x - a potion of magic {unknown}
Books
 b - a book of Conjurations

   Spells                             Type                      Level
   a - Magic Dart                     Conjuration                  1
   b - Searing Ray                    Conjuration                  2
   c - Dazzling Spray                 Conjuration/Hexes            3
   d - Fulminant Prism                Conjuration/Hexes            4
   e - Iskenderun's Mystic Blast      Conjuration                  4
   f - Iskenderun's Battlesphere      Conjuration/Charms           5
 u - a book of Geomancy

   Spells                             Type                      Level
   a - Sandblast                      Earth                        1
   b - Passwall                       Transmutation/Earth          2
   c - Stone Arrow                    Conjuration/Earth            3
   d - Petrify                        Transmutation/Earth          4
   e - Lee's Rapid Deconstruction     Earth                        5
Comestibles
 c - 4 bread rations
 f - a royal jelly
 q - a beef jerky
 r - 3 fruits
 s - a meat ration


   Skills:
 - Level 2.4 Dodging
 - Level 2.4 Stealth
 + Level 6.3 Spellcasting
 * Level 7.9 Conjurations
 + Level 4.0 Charms


You had 6 spell levels left.
You knew the following spells:

 Your Spells              Type           Power        Failure   Level  Hunger
a - Magic Dart            Conj           ####         1%          1    None
b - Searing Ray           Conj           #####.       1%          2    None
c - Iskenderun's Mystic   Conj           #####...     3%          4    ###....
d - Iskenderun's Battles  Conj/Chrm      ####....     21%         5    #####..


Dungeon Overview and Level Annotations

Branches:
Dungeon (8/15)             Temple (1/1) D:4            Lair (0/6) D:8

Altars:
Ashenzari
Cheibriados
Fedhas
Gozag
Hepliaklqana
Makhleb
Nemelex Xobeh
Okawaru
Qazlal
Trog
Uskayaw
Vehumet
Xom
Yredelemnul
Zin


Message History

The warg is moderately wounded.
The warg bites you but does no damage. The warg bites you!
The searing ray hits the warg.
The warg is heavily wounded.
The warg misses you.
The searing ray hits the warg.
The warg is severely wounded.
The searing ray misses the orc.
You finish channeling your searing ray.
The warg bites you.
* * * LOW HITPOINT WARNING * * *
Casting: Searing Ray
Confirm with . or Enter, or press ? or * to list all spells.
Aiming: Searing Ray
Press: ? - help, Shift-Dir - straight line, f/p - warg
Aim: a warg (severely wounded)
The searing ray misses the warg.
The searing ray hits the orc.
The warg bites you.
* * * LOW HITPOINT WARNING * * *
The warg bites you!
You die...

*,,#.....,,****,**********
**,*#....,***,,,,,,,,,,,,,
*,**#...## *,*,**********
*,,,**,#(# *,*.###
**,,**,#.# *,*,..#
*,>,,,#[# *,*,#.#
**,**,#o# *,###.###
*,**,#h# *##.....##****
*,**,#@####.8...8.#,,,,
*,**,#.[..#.......###**
*,**,####....._.....###
*,**,#....#.......#....
*,**,#.####.8...8.#####
*,**,#,* ##.....##
*,**,*,* ###.###
*,**,*,*****#..#*****
*,**,*,,,,,.....,,,,*


You could see a warg and an orc.

Vanquished Creatures
  A water moccasin (D:5)
  2 ogres (D:5)
  2 wights (D:8)
  A centaur zombie (D:5)
  An orc priest (D:8)
  A hound (D:5)
  2 centaur skeletons (D:4)
  A giant frog skeleton (D:5)
  An orc wizard (D:7)
  A worker ant (D:5)
  A hound zombie (D:5)
  An adder (D:3)
  A shadow imp (D:4)
  An adder skeleton (D:5)
  2 worms
  2 dart slugs
  5 orcs
  A giant cockroach (D:2)
  2 goblins (D:3)
  A hobgoblin (D:2)
  A bat (D:1)
  A giant cockroach zombie (D:5)
  2 giant newts (D:3)
  A kobold (D:3)
  A quokka skeleton (D:5)
  6 rats
42 creatures vanquished.

Notes
Turn   | Place    | Note
-------+----------+-------------------------------------------
     0 | D:1      | PurpleRed the Deep Elf Conjurer began the quest for the Orb.
     0 | D:1      | Reached XP level 1. HP: 10/10 MP: 6/6
   106 | D:2      | Reached XP level 2. HP: 15/15 MP: 4/8
   148 | D:3      | Reached skill level 5 in Conjurations
   154 | D:3      | Learned a level 2 spell: Searing Ray
   286 | D:5      | Entered Level 5 of the Dungeon
   386 | D:5      | Reached XP level 3. HP: 6/19 MP: 0/10
   481 | D:6      | Noticed an ice beast
   531 | D:5      | Reached XP level 4. HP: 19/24 MP: 7/12
   537 | D:5      | Learned a level 4 spell: Iskenderun's Mystic Blast
   569 | D:5      | Noticed a centaur
   591 | D:5      | Noticed an ogre
   603 | D:5      | Killed an ogre
   603 | D:5      | Reached skill level 6 in Conjurations
   603 | D:5      | Reached XP level 5. HP: 28/28 MP: 9/14
   610 | D:5      | Learned a level 5 spell: Iskenderun's Battlesphere
   625 | D:4      | Found a staircase to the Ecumenical Temple.
   680 | Temple   | Entered the Ecumenical Temple
   733 | Temple   | Became a worshipper of Vehumet
   760 | D:4      | Reached skill level 5 in Spellcasting
   760 | D:4      | Reached skill level 1 in Charms
   826 | D:5      | Noticed an ogre
   840 | D:5      | Killed an ogre
   840 | D:5      | Reached skill level 7 in Conjurations
   840 | D:5      | Reached XP level 6. HP: 22/32 MP: 2/16
   858 | D:5      | Noticed a water moccasin
   934 | D:5      | Killed a water moccasin
  1105 | D:5      | Reached XP level 7. HP: 26/36 MP: 9/18
  1190 | D:7      | Found a stormy altar of Qazlal.
  1276 | D:8      | Found an opulent altar of Gozag.
  1373 | D:8      | Found a staircase to the Lair.
  1385 | D:8      | Mangled by a warg

Vault maps used:
D:1:      evilmike_arrival_crescent, minmay_box_of_dots
D:2:      lemuel_round_altar
D:3:      lemuel_coloured_pillars_altar, eino_tiny_chamber
D:5:      first_bread, minmay_joined_circles
D:6:      serial_shops, nicolae_shop_crystal
D:7:      erik_cavepeople, grunt_qazlal_sundering, uniq_crazy_yiuf_cottage,
          uniq_joseph
D:8:      grunt_gozag_statues, erik_lair_orcish_takeover, uniq_grum
Temple:   eino_temple_rhombus

Skill      XL: |  1  2  3  4  5  6  7 |
---------------+----------------------+-----
Conjurations   | 5 6 7 |  7.9
Spellcasting   | 4 5 6 |  6.3
Charms         | 2 3 4 |  4.0
Dodging        | |  2.4
Stealth        | |  2.4

Action                   |  1- 3 |  4- 6 |  7- 9 || total
-------------------------+-------+-------+-------++-------
Melee: Whip              |       |    11 |       ||    11
Throw: Throwing net      |       |       |     1 ||     1
 Cast: Magic Dart        |    31 |    12 |    13 ||    56
       Searing Ray       |     2 |    10 |     4 ||    16
       Iskenderun's Batt |       |     2 |     1 ||     3
  Use: Scroll            |     8 |       |     7 ||    15
       Potion            |       |     1 |       ||     1
  Eat: Chunk             |       |     2 |       ||     2
Armor: Robe              |     1 |     4 |     1 ||     6
Dodge: Dodged            |     3 |    13 |     4 ||    20
